 Dungeon Crawl Stone Soup version 0.30-a0-451-ge042605de7 (webtiles) character file.

Game seed: 4767761718010817773

2382 cforsyth the Fighter (level 9, -3/112 (121) HPs)
             Began as a Minotaur Berserker on Dec 11, 2022.
             Was an Elder of Trog.
             Slain by a wight
             ... wielding a +4 halberd
              (11 damage)
             ... on level 7 of the Dungeon.
             The game lasted 00:08:02 (5479 turns).

cforsyth the Fighter (Minotaur Berserker)           Turns: 5479, Time: 00:08:02

HP:   -3/112 (121)  AC: 12    Str: 26    XL:     9   Next: 22%
MP:   8/8           EV: 12    Int:  4    God:    Trog [****..]
Gold: 355           SH:  3    Dex: 10    Spells: 8/8 levels left

rFire   . . .      SeeInvis .    o - +0 war axe
rCold   . . .      Faith    .    q - +0 buckler
rNeg    . . .      Spirit   .    k - +0 scale mail
rPois   .          Reflect  .    g - +1 hat
rElec   .          Harm     .    i - +1 cloak
rCorr   .          Rampage  .    d - +0 pair of gloves
Will    .....                    (no boots)
Stlth   ..........               (no amulet)
HPRegen 0.38/turn                (no ring)
MPRegen 0.11/turn                (no ring)

@: berserking, drained, very quick
A: horns 2, retaliatory headbutt
a: Renounce Religion, Berserk, Trog's Hand, Brothers in Arms


You were on level 7 of the Dungeon.
You worshipped Trog.
Trog was greatly pleased with you.
You visited 1 branch of the dungeon, and saw 7 of its levels.

You collected 355 gold pieces.

Inventory:

Hand Weapons
 o - a +0 war axe (weapon)
Armour
 d - a +0 pair of gloves (worn)
 g - a +1 hat (worn)
 i - a +1 cloak (worn)
 k - a +0 scale mail (worn)
 q - a +0 buckler (worn)
Scrolls
 a - 2 scrolls of teleportation {unknown}
 e - a scroll of torment {unknown}
 f - a scroll of poison {unknown}
 h - 11 scrolls of identify {unknown}
 m - a scroll of fog {unknown}
 n - a scroll of summoning {unknown}
 r - a scroll of magic mapping {unknown}
 v - a scroll of vulnerability {unknown}
 y - a scroll of noise {unknown}
Potions
 b - 2 potions of brilliance {unknown}
 c - a potion of mutation {unknown}
 j - 3 potions of heal wounds {unknown}
 l - a potion of flight {unknown}
 p - 5 potions of curing {unknown}
 s - 3 potions of berserk rage {unknown}
 t - a potion of magic {unknown}
 u - a potion of cancellation {unknown}
 w - 2 potions of might {unknown}
 x - a potion of degeneration {unknown}
 z - a potion of ambrosia {unknown}
 A - a potion of haste {unknown}


   Skills:
 + Level 8.3 Fighting
 + Level 8.3 Axes
 + Level 7.8 Armour
 + Level 7.1 Dodging


You had 8 spell levels left.
You didn't know any spells.
Your spell library was empty.

Dungeon Overview and Level Annotations

Branches:
Dungeon (7/15)             Temple (0/1) D:4

Altars:
Dithmenos
Gozag
Kikubaaqudgha
Trog
Vehumet

Shops:
D:1 =


Innate Abilities, Weirdness & Mutations

You have a pair of horns on your head.
You reflexively headbutt those who attack you in melee.


Message History

The wight hits you with a +1 falchion!
You feel drained. The wight closely misses you. The phantom hits you.
Unknown command.
Unknown command.
You barely miss the phantom. You headbutt the phantom.
The phantom is severely damaged.
You slash the wight! The wight misses you.
An orc comes into view. It is wielding a +0 flail.
The wight hits you with a +1 falchion.
You feel drained. You block the wight's attack.
The phantom completely misses you. You furiously retaliate!
You headbutt the phantom, but do no damage.
Unknown command.
You miss the phantom.
The phantom is severely damaged.
The orc shouts!
You hit the wight.
You destroy the wight!
Trog accepts your kill. The phantom closely misses you.
You furiously retaliate!
You headbutt the phantom!
You destroy the phantom!
Trog accepts your kill. The wight barely misses you.
The wight hits you from afar with a +4 halberd!
* * * LOW HITPOINT WARNING * * *
You block the ogre's attack. The wight barely misses you.
The wight hits you but does no damage.
Unknown command.
A red film seems to cover your vision as you go berserk!
You feel yourself moving faster!
You feel mighty!
The wight hits you from afar with a +0 halberd.
* * * LOW HITPOINT WARNING * * *
The wight closely misses you.
You barely miss the ogre.
The ogre hits you with a +0 giant club!!
* * * LOW HITPOINT WARNING * * *
You block the wight's attack.
The wight hits you from afar with a +4 halberd!
You die...

#.########.#
#.#........#
.........<.###
#.#..#.......#####
#.# #...#.......#
#.....##.####
#...#.##.#
#........#
....###@#### ####
##O## #zz.# #...#
#.o... #....#.#
...... .. ......).
.# ......... #


You could see an ogre, 2 wights and an orc.

Vanquished Creatures
  Prince Ribbit (D:5)
  Sigmund (D:3)
  The ghost of lotum the Cudgeller, an amateur GrMo of Ru (D:4)
  2 sky beasts
  An orc warrior (D:6)
  4 black bears
  A phantom (D:7)
  A kobold brigand (D:6)
  A bullfrog (D:6)
  A scorpion (D:5)
  2 necrophages
  2 wights (D:7)
  A howler monkey (D:5)
  2 orc priests (D:6)
  Crazy Yiuf (D:2)
  4 hounds
  A jelly (D:4)
  3 iguanas
  Terence (D:2)
  An orc wizard (D:6)
  Natasha (thrice) (D:2)
  6 gnolls
  9 adders
  A white imp (D:6)
  An ufetubus (D:7)
  4 worms
  A dart slug (D:3)
  12 orcs
  6 bats
  7 endoplasms
  4 giant cockroaches
  5 goblins
  6 hobgoblins
  5 jackals
  6 quokkas
  8 ball pythons
  5 frilled lizards
  17 kobolds
  2 rats (D:3)
140 creatures vanquished.

Vanquished Creatures (others)
  4 fungi (D:2)
4 creatures vanquished.

Grand Total: 144 creatures vanquished

Notes
Turn   | Place    | Note
-------+----------+-------------------------------------------
     0 | D:1      | cforsyth the Minotaur Berserker began the quest for the
                  | Orb.
     0 | D:1      | Reached XP level 1. HP: 19/19 MP: 0/0
   199 | D:1      | Reached XP level 2. HP: 23/27 MP: 1/1
   603 | D:1      | Reached ** piety under Trog
   608 | D:1      | Found Wotyatwi's Jewellery Shoppe.
   622 | D:1      | Reached XP level 3. HP: 33/33 MP: 2/2
   958 | D:2      | Noticed Natasha
   965 | D:2      | Killed Natasha
  1020 | D:2      | Reached XP level 4. HP: 39/40 MP: 3/3
  1026 | D:2      | Noticed Terence
  1032 | D:2      | Killed Terence
  1095 | D:2      | Noticed Natasha
  1101 | D:2      | Killed Natasha
  1194 | D:2      | Found an opulent altar of Gozag.
  1438 | D:2      | Reached XP level 5. HP: 47/47 MP: 4/4
  1476 | D:2      | Noticed Natasha
  1481 | D:2      | Killed Natasha
  1718 | D:2      | Found a runed translucent door.
  1719 | D:2      | Noticed Crazy Yiuf
  1726 | D:2      | Killed Crazy Yiuf
  1797 | D:3      | Reached *** piety under Trog
  1798 | D:3      | Reached skill level 5 in Axes
  1799 | D:3      | Reached skill level 5 in Fighting
  1883 | D:3      | Reached XP level 6. HP: 56/56 MP: 5/5
  2247 | D:3      | Noticed Sigmund
  2262 | D:3      | Killed Sigmund
  2401 | D:4      | Found a staircase to the Ecumenical Temple.
  2498 | D:4      | Reached skill level 5 in Armour
  2549 | D:4      | Reached XP level 7. HP: 32/62 MP: 6/6
  2979 | D:4      | Found a runed translucent door.
  2980 | D:4      | Noticed lotum's ghost (amateur GrMo)
  3096 | D:4      | Found a shadowy altar of Dithmenos.
  3304 | D:4      | Killed lotum's ghost
  3305 | D:4      | Reached skill level 5 in Dodging
  3377 | D:5      | Entered Level 5 of the Dungeon
  3480 | D:5      | Found a bloodstained altar of Trog.
  3520 | D:5      | Reached XP level 8. HP: 63/71 MP: 7/7
  3622 | D:5      | Found an ancient bone altar of Kikubaaqudgha.
  3793 | D:5      | Reached **** piety under Trog
  3937 | D:5      | Noticed Prince Ribbit
  3962 | D:5      | Killed Prince Ribbit
  5192 | D:6      | Reached XP level 9. HP: 81/81 MP: 8/8
  5397 | D:7      | Found a radiant altar of Vehumet.
  5479 | D:7      | Slain by a wight

Illustrated notes

Levels and vault maps discovered:
D:1:      sevenhm_arrival_forest_fort_large_3, layout_loops_ring, serial_shops,
          nicolae_shop_statue_plus
D:2:      layout_basic, basic_altar, uniq_natasha, uniq_terence,
          uniq_crazy_yiuf_cottage
D:3:      layout_basic, uniq_sigmund
D:4:      layout_loops_ring, grunt_dithmenos_smoke_and_mirrors,
          minmay_temple_entry_drinking_statues, ebering_ghost_reflecting_pool
D:5:      layout_cave_pods, trog_ov_bears_minmay, kiku_gazebo_pond_becter,
          uniq_prince_ribbit1
D:6:      layout_basic
D:7:      layout_loops_cross, pf_just_have_faith, nicolae_vehumet_radiance,
          grunt_temple_overflow_open, enter_bailey_3, lemuel_flame_loot_1,
          uniq_duvessa

Skill      XL: |  1  2  3  4  5  6  7  8  9 |
---------------+----------------------------+-----
Fighting       | 4 5 6 7 8 |  8.3
Axes           | 4 5 6 8 |  8.3
Armour         | 3 4 5 6 7 |  7.8
Dodging        | 3 4 5 6 7 |  7.1

Action                   |  1- 3 |  4- 6 |  7- 9 || total
-------------------------+-------+-------+-------++-------
Melee: Hand axe          |    65 |    75 |       ||   140
       Headbutt          |     8 |    20 |    27 ||    55
       Punch             |       |     3 |       ||     3
       War axe           |       |    44 |   155 ||   199
Invok: Berserk           |       |       |     2 ||     2
Armor: Animal skin       |    19 |     2 |       ||    21
       Scale mail        |       |    39 |    77 ||   116
Dodge: Dodged            |    36 |    65 |    98 ||   199
Block: Buckler           |       |       |    23 ||    23

Table legend: (Time is in decaauts)
 A = Elapsed time spent in this place.
 B = Non-inter-level travel time spent in this place.
 C = Inter-level travel time spent in this place.
 D = Time resting spent in this place.
 E = Time spent auto-exploring this place.
 F = Levels seen in this place.
 G = Mean time per level.
                   A        B        C        D        E       F      G
               +--------+--------+--------+--------+--------+-----+--------+
         Total |   5541 |   5356 |    185 |     48 |   4338 |   7 |  791.6 |
       Dungeon |   5541 |   5356 |    185 |     48 |   4338 |   7 |  791.6 |
               +--------+--------+--------+--------+--------+-----+--------+

Top non-repeatable levels by time:
     D:5: 1111 daAuts
     D:4: 1034 daAuts
     D:6: 916 daAuts
     D:1: 906 daAuts
     D:2: 861 daAuts
     D:3: 614 daAuts
     D:7: 95 daAuts
